[Event "Early-Titled-Tuesday-Blitz-September-26-2023"]
[Site "Chess.com"]
[Date "2023.09.26"]
[Round "1"]
[White "Mesa_1"]
[Black "TomLiu777"]
[Result "1-0"]
[WhiteElo "2675"]
[BlackElo "2372"]
[TimeControl "180+1"]
[EndTime "8:06:58 PDT"]
[Termination "Mesa_1 won by resignation"]

1. e4 e6 2. d4 d5 3. Nd2 Be7 4. Ngf3 Nf6 5. e5 Nfd7 6. Bd3 c5 7. c3 b6 8. O-O Ba6 9. Bxa6 Nxa6 10. Ne1 b5 11. Qg4 g6 12. Ndf3 h5 13. Qg3 h4 14.
Qg4 Qb6 15. Nd3 c4 16. Nf4 O-O-O 17. Ng5 Bxg5 18. Qxg5 Rdg8 19. b3 Qd8 20. Qg4 Nc7 21. Ba3 g5 22. Ne2 f5 23. Qf3 Nf6 24. exf6 Qxf6 25. Bd6 g4 26. Qf4 Rh7 27. a4 g3 28.
fxg3 hxg3 29. hxg3 Qf7 30. Bxc7 Qh5 31. Kf2 Rg4 32. Qd6 Rxc7 33. Nf4 Qg5 34. Qxc7+ Kxc7 35. Nxe6+ Kd6 36. Nxg5 Rxg5 37. axb5 f4 38. bxc4 fxg3+ 39. Ke2 dxc4 40. Ra6+ Kc7 41. Rxa7+ Kb6 42. Raf7 Kxb5 43.
R1f5+ Ka4 44. Rxg5 Kb3 45. Kd2 Kb2 46. Rb5+ 1-0

[Event "Early-Titled-Tuesday-Blitz-September-26-2023"]
[Site "Chess.com"]
[Date "2023.09.26"]
[Round "1"]
[White "jasonbolivar"]
[Black "Arteler"]
[Result "0-1"]
[WhiteElo "2267"]
[BlackElo "2599"]
[TimeControl "180+1"]
[EndTime "8:06:59 PDT"]
[Termination "Arteler won on time"]

1. e4 e6 2. d3 d5 3. Nd2 Nf6 4. g3 Nc6 5. Bg2 dxe4 6. dxe4 e5 7. Ngf3 Bc5 8. O-O O-O 9. h3 Qe7 10.
c3 a5 11. a4 b6 12. Re1 Ba6 13. Bf1 Bxf1 14. Kxf1 Rad8 15. Qc2 Rd7 16. Kg2 Rfd8 17.
Nc4 Qe6 18. b3 h6 19. Be3 Bf8 20. Nfd2 Rd3 21. f3 Nh5 22. Nf1 Qg6 23. Rad1 Rxd1 24. Rxd1 Rc8 25. Kh2 Be7 26. Qd2 Rf8 27. g4 Nf6 28.
Qf2 Nh7 29. Ng3 Bh4 30. Qg2 Bxg3+ 31. Qxg3 Qf6 32. Bc1 Ng5 33. Rf1 Ne6 34. Ne3 Nf4 35.
Nd5 Nxd5 36. exd5 Ne7 37. c4 Ng6 38. Bb2 Re8 39. Re1 Qd6 40. Re4 Qb4 41. Bxe5 Qd2+ 0-1

[Event "Early-Titled-Tuesday-Blitz-September-26-2023"]
[Site "Chess.com"]
[Date "2023.09.26"]
[Round "1"]
[White "LoydBlankenship"]
[Black "esrosenberg"]
[Result "1-0"]
[WhiteElo "2632"]
[BlackElo "2332"]
[TimeControl "180+1"]
[EndTime "8:07:00 PDT"]
[Termination "LoydBlankenship won on time"]

1. e4 e5 2. Nf3 Nc6 3. d4 exd4 4.
Nxd4 Nf6 5. Nxc6 bxc6 6. e5 Qe7 7.
Qe2 Nd5 8. c4 Ba6 9. b3 g6 10.
f4 d6 11. Qf2 Nb6 12. c5 Bxf1 13. cxb6 Ba6 14. bxc7 Qxc7 15. Bb2 Bg7 16. exd6 Qa5+ 17. Kd1 Qd5+ 18. Kc1 Bxb2+ 19. Kxb2 O-O 20. Nc3 Qxd6 21. Rad1 Qf6 22. Rhe1 Rfd8 23. g3 h5 24. Qc5 Bd3 25.
Qe5 Qxe5 26. Rxe5 Bf5 27. Rc5 Rxd1 28. Nxd1 Be4 29. Nc3 Bf3 30. Kc2 a5 31. a4 Kf8 32. h4 Ke7 33. Nb1 Kd6 34. Re5 f6 35. Re3 Bg4 36. Nc3 Bf5+ 37. Kb2 Rb8 38. Re2 Kc5 39. Nd1 Bg4 40. Rc2+ Kd6 41. Ne3 Be6 42. Rd2+ Kc5 43. Rd3 Rb4 44. Rc3+ Kd6 45. Kc2 Re4 46. Kd3 Rb4 47. Kc2 g5 48. fxg5 fxg5 49. hxg5 Ke5 50. Rxc6 Bxb3+ 51. Kc3 Bxa4 52. Rc5+ Ke4 53. Nc4 Rb3+ 54.
Kd2 Rxg3 55. Rxa5 Bb3 56. Nd6+ Kf4 57. Rb5 1-0

[Event "Early-Titled-Tuesday-Blitz-September-26-2023"]
[Site "Chess.com"]
[Date "2023.09.26"]
[Round "1"]
[White "LeoLV10"]
[Black "Barbix1"]
[Result "1-0"]
[WhiteElo "2644"]
[BlackElo "2339"]
[TimeControl "180+1"]
[EndTime "8:07:02 PDT"]
[Termination "LeoLV10 won by checkmate"]

1. e4 c5 2. Nf3 g6 3. d4 cxd4 4. Nxd4 Bg7 5. c4 Nf6 6. Nc3 Nc6 7. Be3 O-O 8. Be2 Nxd4 9. Bxd4 d6 10. O-O a5 11. h3 Be6 12. Rc1 Qc7 13. Nb5 Qc6 14. f3 Rfc8 15. a4 Nd7 16. Kh1 Nc5 17. b3 Qd7 18. Bxg7 Kxg7 19. Kh2 f5 20. exf5 Bxf5 21. g4 Be6 22. f4 Rf8 23. Qd2 Kg8 24. Qe3 b6 25.
Rce1 Bf7 26. Bf3 Rae8 27. Bd5 e6 28. Bf3 e5 29. f5 gxf5 30. gxf5 Qxf5 31. Bc6 Qc2+ 32.
Rf2 Qxb3 33. Bxe8 Rxe8 34. Qg5+ Bg6 35. Nxd6 Rd8 36. Qxd8+ Kg7 37. Qf8# 1-0

[Event "Early-Titled-Tuesday-Blitz-September-26-2023"]
[Site "Chess.com"]
[Date "2023.09.26"]
[Round "1"]
[White "astralpulse"]
[Black "ElenaPershina"]
[Result "1-0"]
[WhiteElo "2617"]
[BlackElo "2300"]
[TimeControl "180+1"]
[EndTime "8:07:02 PDT"]
[Termination "astralpulse won by resignation"]

1. Nf3 d5 2. g3 c6 3. Bg2 Nf6 4. O-O Bg4 5. c4 e6 6. d4 Bxf3 7. Bxf3 Nbd7 8. Qc2 Be7 9. b3 O-O 10. Nc3 Rc8 11. Rd1 Re8 12. Bb2 b5 13. cxb5 cxb5 14.
Qd3 a6 15. e3 Qa5 16. a3 Rc6 17. e4 Rec8 18. b4 Qc7 19. Rac1 dxe4 20. Nxe4 Nd5 21.
Nc5 Qa7 22. Re1 N7f6 23. Qb3 h6 24. Rc2 Qb6 25. Rec1 Qa7 26. a4 bxa4 27. Qxa4 Qb6 28. Nd7 Nxd7 29. Rxc6 Rxc6 30. Qxc6 Qxb4 31. Qxd7 Qxb2 32.
Rc8+ Kh7 33. Bxd5 Qb1+ 34. Kg2 exd5 35. Qxe7 1-0

[Event "Early-Titled-Tuesday-Blitz-September-26-2023"]
[Site "Chess.com"]
[Date "2023.09.26"]
[Round "1"]
[White "MikeSailer"]
[Black "Mackster23"]
[Result "0-1"]
[WhiteElo "2186"]
[BlackElo "2565"]
[TimeControl "180+1"]
[EndTime "8:07:03 PDT"]
[Termination "Mackster23 won by resignation"]

1. d4 Nf6 2. Nc3 d5 3. Bf4 c5 4. e4 Nxe4 5. Nxe4 dxe4 6. dxc5 Qxd1+ 7. Rxd1 Bd7 8. Bc4 Nc6 9. Ne2 e5 10. Be3 f5 11. g3 O-O-O 12. a3 Be7 13. b4 g5 14. Nc3 f4 15. Bc1 Bg4 16. Rxd8+ Rxd8 17. O-O Rd4 18. Bd5 Bf3 19. Bb2 a5 20. Bxc6 bxc6 21. Na4 Rd2 22. Bxe5 e3 23. fxe3 Rg2+ 24. Kh1 Rxg3+ 25.
Rxf3 Rxf3 26. exf4 gxf4 27. Kg2 Rxa3 28. Nb6+ Kd8 29.
Bxf4 axb4 30. Nc4 Rc3 31. Nd6 Rxc2+ 32. Kf3 Bxd6 33. Bxd6 b3 0-1

[Event "Early-Titled-Tuesday-Blitz-September-26-2023"]
[Site "Chess.com"]
[Date "2023.09.26"]
[Round "1"]
[White "Maxterlopez"]
[Black "ellatambien"]
[Result "0-1"]
[WhiteElo "2751"]
[BlackElo "2480"]
[TimeControl "180+1"]
[EndTime "8:07:05 PDT"]
[Termination "ellatambien won on time"]

1. e4 e5 2. Nf3 Nc6 3. Bc4 Nf6 4. d3 Bc5 5. c3 O-O 6. O-O d6 7. h3 a5 8. Bb3 h6 9. Nbd2 Be6 10. Bc2 d5 11.
exd5 Bxd5 12. Re1 Re8 13. Ne4 Nxe4 14. dxe4 Bc4 15. Nd2 Be6 16. Qf3 Ne7 17. Nf1 Ng6 18. Ng3 Kh7 19. Nf5 Qf6 20. Qg3 Rad8 21. a4 Rd7 22. Rb1 Red8 23. b4 axb4 24. cxb4 Bd4 25. Nxd4 Rxd4 26. Be3 Rc4 27. Rb2 Rc3 28. Kh2 Nf4 29.
Qf3 g5 30. Rd1 g4 31. hxg4 Qh4+ 32. Kg1 Bxg4 33. Rxd8 Bxf3 34. gxf3 Qxd8 0-1

[Event "Early-Titled-Tuesday-Blitz-September-26-2023"]
[Site "Chess.com"]
[Date "2023.09.26"]
[Round "1"]
[White "bennyficial"]
[Black "mac0504"]
[Result "1-0"]
[WhiteElo "2146"]
[BlackElo "2534"]
[TimeControl "180+1"]
[EndTime "8:07:05 PDT"]
[Termination "bennyficial won on time"]

1. Nf3 g6 2. e4 Bg7 3. d4 d6 4. Bc4 a6 5. Nc3 b5 6. Bb3 Bb7 7. Qe2 Nd7 8. Bg5 c5 9. dxc5 Nxc5 10. Bd5 Nf6 11. Bxb7 Nxb7 12. O-O-O Qc8 13. Kb1 O-O 14. h4 Re8 15. Nd4 Nc5 16. f3 e6 17. a3 Na4 18.
Nxa4 bxa4 19. g4 Rb8 20. h5 Qc3 21. Nb3 Nxe4 22. Bc1 axb3 23. Qxe4 bxc2+ 24. Qxc2 Qxf3 25. hxg6 hxg6 26. Rdf1 Qb3 27. Qh2 Rec8 28. Qh7+ Kf8 29. Qh2 Qd3+ 30. Ka1 1-0

[Event "Early-Titled-Tuesday-Blitz-September-26-2023"]
[Site "Chess.com"]
[Date "2023.09.26"]
[Round "1"]
[White "chessdjw"]
[Black "verrbaa"]
[Result "1-0"]
[WhiteElo "2704"]
[BlackElo "2410"]
[TimeControl "180+1"]
[EndTime "8:07:07 PDT"]
[Termination "chessdjw won on time"]

1. d4 Nf6 2. Nf3 d5 3. c4 e6 4. g3 dxc4 5. Bg2 a6 6. O-O Nc6 7. a4 Rb8 8. a5 Bb4 9. Na3 Bxa5 10.
Nxc4 Bb4 11. e4 O-O 12. Qc2 Nxd4 13. Nxd4 Qxd4 14. Rd1 Qc5 15. Be3 Qc6 16. Qe2 b5 17. Ne5 Qe8 18. Rac1 Bd6 19. Nc6 e5 20. Nxb8 Bb7 21.
Nxa6 Bxa6 22. Bg5 Nd7 23. Qg4 Kh8 24. Bf1 Nb6 25. h4 f6 26. Be3 Qe7 27. h5 Nc4 28. Bxc4 bxc4 29. Rd5 Bc8 30. Qh4 Be6 31. Ra5 Qd7 32. Rca1 Qc6 33. Ra6 Qb7 34. h6 g6 35.
Ra7 Qxb2 36. Ra8 Kg8 37. Qxf6 1-0

[Event "Early-Titled-Tuesday-Blitz-September-26-2023"]
[Site "Chess.com"]
[Date "2023.09.26"]
[Round "1"]
[White "moro182"]
[Black "Caroexpert"]
[Result "1-0"]
[WhiteElo "2810"]
[BlackElo "2474"]
[TimeControl "180+1"]
[EndTime "8:07:08 PDT"]
[Termination "moro182 won on time"]

1. d4 Nf6 2. Bf4 d5 3. e3 c5 4. dxc5 e6 5. b4 a5 6. c3 axb4 7. cxb4 b6 8. Bxb8 Rxb8 9. Bb5+ Ke7 10. c6 Qd6 11. a3 g6 12. Nc3 Bg7 13. Rc1 Rd8 14.
Nf3 e5 15. O-O Kf8 16. h3 Bf5 17. Qb3 Be6 18. Rfd1 Qc7 19. Qc2 Ne8 20. Ng5 Bf5 21.
Qe2 h6 22. Nf3 d4 23. exd4 exd4 24. Ne4 Nd6 25. Nxd6 Rxd6 26. a4 Re8 27. Qd2 Be4 28. Qf4 g5 29. Qg3 f5 30. Nd2 f4 31. Qg4 Bg6 32. Re1 d3 33. Rxe8+ Bxe8 34. Qf5+ Kg8 35.
Qe4 Bg6 36. Qc4+ Kh7 37. a5 bxa5 38. bxa5 Rd4 39. Qc5 Rd8 40. Qb6 Rc8 41. Qxc7 Rxc7 42. Rc4 Be5 43. a6 Ra7 44. Rc5 Bc7 45. Rd5 1-0

[Event "Early-Titled-Tuesday-Blitz-September-26-2023"]
[Site "Chess.com"]
[Date "2023.09.26"]
[Round "1"]
[White "wqws"]
[Black "pirulillo"]
[Result "1-0"]
[WhiteElo "2660"]
[BlackElo "2364"]
[TimeControl "180+1"]
[EndTime "8:07:08 PDT"]
[Termination "wqws won by checkmate"]

1. e4 c5 2. Nf3 e6 3. d4 cxd4 4. Nxd4 Nf6 5. Nc3 Nc6 6. Ndb5 d6 7. Bf4 e5 8. Bg5 a6 9. Na3 b5 10. Nd5 Be7 11. Bxf6 Bxf6 12. c3 O-O 13. Nc2 Bg5 14. Nce3 g6 15. Bd3 Be6 16. Qf3 Kg7 17. g3 Ne7 18. h4 Nxd5 19. exd5 Bxe3 20. dxe6 Bc5 21.
O-O-O fxe6 22. Qg4 Qf6 23. h5 d5 24. hxg6 hxg6 25.
f3 b4 26. c4 Bd4 27. Kb1 Rh8 28. cxd5 exd5 29. Qd7+ Qf7 30. Qc6 Rhc8 31. Qd6 Rd8 32.
Qc6 Rdc8 33. Qa4 Qxf3 34. Qd7+ Qf7 35. Rh7+ Kxh7 36. Qxf7+ Kh6 37. Qxg6# 1-0

[Event "Early-Titled-Tuesday-Blitz-September-26-2023"]
[Site "Chess.com"]
[Date "2023.09.26"]
[Round "1"]
[White "GMaka"]
[Black "nikitakhoroshev"]
[Result "0-1"]
[WhiteElo "2339"]
[BlackElo "2651"]
[TimeControl "180+1"]
[EndTime "8:07:08 PDT"]
[Termination "nikitakhoroshev won by resignation"]

1. d4 Nf6 2. Bg5 c5 3. Bxf6 gxf6 4. d5 Qb6 5. Qc1 Bh6 6. e3 f5 7. g3 d6 8. Bg2 Nd7 9. Ne2 e6 10. O-O Nf6 11. Nbc3 O-O 12. Nf4 e5 13. Nfe2 Bd7 14. a4 Qb4 15. Qd2 f4 16. e4 Kg7 17. gxf4 Nh5 18. Kh1 Nxf4 19. Nxf4 Bxf4 20. Qd3 Qd4 21. Ne2 Qxd3 22. cxd3 Bg5 23. Rg1 Kh8 24. Bf3 h6 25. Bg4 f5 26. Bh3 Rad8 27. f3 fxe4 28. Bxd7 exf3 29. Bg4 fxe2 30. Bxe2 Rf2 31. Rg2 Rdf8 32.
Rag1 Be3 33. Rxf2 Rxf2 34. Rg2 Rf6 35. b3 Bg5 36. Kg1 Rf4 37. Rg4 Kg7 38. Rxf4 exf4 39. d4 cxd4 40. Kf2 Kf6 41. Kf3 Ke5 42. Bc4 Bh4 43. Ke2 Ke4 44. Bd3+ Kxd5 45. Kf3 Ke5 46. Be4 b6 47. h3 Be1 48. Bc6 Bd2 49. Be4 d5 50. Bd3 Kd6 51. Ke2 Be3 52. Ba6 Kc5 53.
Bb7 a5 54. Ba8 Bg1 55. Bb7 Kd6 56. Ba8 Ke5 57. Kf3 d3 58. Bb7 Be3 59. Ba6 Kd4 0-1

[Event "Early-Titled-Tuesday-Blitz-September-26-2023"]
[Site "Chess.com"]
[Date "2023.09.26"]
[Round "1"]
[White "GeorgiosSouleidis"]
[Black "maurovargas01"]
[Result "1-0"]
[WhiteElo "2533"]
[BlackElo "1887"]
[TimeControl "180+1"]
[EndTime "8:07:08 PDT"]
[Termination "GeorgiosSouleidis won on time"]

1. e4 c6 2. Nc3 d5 3. Nf3 dxe4 4. Nxe4 Nf6 5. Qe2 Nxe4 6. Qxe4 Qd5 7. Qh4 Nd7 8. Bc4 Qf5 9. d3 h6 10. O-O g5 11.
Qd4 Nf6 12. Re1 Bg7 13. Qe3 e6 14. Nd4 Qg6 15. Bd2 O-O 16. Bc3 Nd5 17. Bxd5 cxd5 18.
Nb5 a6 19. Bxg7 Qxg7 20. Nd4 b5 21. c3 Bb7 22. Nf3 Rad8 23. d4 Rfe8 24. a4 bxa4 25. Rxa4 f6 26. Rb4 e5 27. dxe5 fxe5 28. Qb6 Ba8 29.
Qxa6 e4 30. Nd4 1-0

[Event "Early-Titled-Tuesday-Blitz-September-26-2023"]
[Site "Chess.com"]
[Date "2023.09.26"]
[Round "1"]
[White "victormago"]
[Black "Hrant_ChessMood"]
[Result "0-1"]
[WhiteElo "2504"]
[BlackElo "2912"]
[TimeControl "180+1"]
[EndTime "8:07:10 PDT"]
[Termination "Hrant_ChessMood won on time"]

1. d4 Nf6 2. c4 e6 3. Nc3 Bb4 4.
Qc2 d6 5. Nf3 Nc6 6. g3 e5 7. d5 Bxc3+ 8. Qxc3 Ne7 9. Bg2 a5 10. b3 Nd7 11. O-O Nc5 12. Bb2 O-O 13.
Rac1 Bg4 14. Rb1 Qd7 15. Ba3 b6 16. Rfe1 Ng6 17. Rbd1 h6 18. Bc1 Rae8 19. a3 a4 20. b4 Nb3 21. Be3 f5 22. Bc1 f4 23. Nd2 Nd4 24. f3 Bh3 25. Ne4 Bf5 26. Rxd4 exd4 27.
Qxd4 Bxe4 28. fxe4 fxg3 29. hxg3 Qg4 30. Kh2 Ne5 31.
Bb2 Qh5+ 32. Kg1 Qg5 33. Kh2 Rf2 34. Kg1 Ref8 35. Qc3 Qf6 36. Qc1 h5 37. Qe3 Ng4 38.
Bxf6 Rxg2+ 0-1

[Event "Early-Titled-Tuesday-Blitz-September-26-2023"]
[Site "Chess.com"]
[Date "2023.09.26"]
[Round "1"]
[White "BlitzWizard04"]
[Black "MidnightFox"]
[Result "1-0"]
[WhiteElo "2636"]
[BlackElo "2328"]
[TimeControl "180+1"]
[EndTime "8:07:10 PDT"]
[Termination "BlitzWizard04 won by resignation"]

1. e4 c5 2. Nf3 d6 3. d4 cxd4 4. Nxd4 Nf6 5. Nc3 a6 6. Be3 e5 7. Nf3 Qc7 8. a4 h6 9. a5 Be6 10. Bb6 Qc6 11. Bd3 Nbd7 12. Be3 Nc5 13. Bxc5 Qxc5 14. O-O Be7 15. Nd2 O-O 16. Nb3 Qc6 17. Qe2 Rac8 18. Na4 Rfe8 19. Nb6 Rcd8 20. Nd2 d5 21.
exd5 Nxd5 22. Nxd5 Bxd5 23. f3 Bf8 24. Kh1 g6 25. c4 Be6 26. Ne4 Bg7 27. c5 Re7 28. Rac1 Red7 29. Nd6 Bf8 30. Be4 Bd5 31. Bxd5 Qxd5 32.
Rfd1 Qe6 33. Nxb7 Rxd1+ 34. Rxd1 Rxd1+ 35. Qxd1 Qc6 36. Qb3 Bxc5 37. Qxf7+ Kxf7 38. Nd8+ Kf6 39. Nxc6 Ke6 40. b4 Be3 41. Nb8 Kd5 42. Nxa6 Kc4 43. Nc7 Kxb4 44. Nd5+ 1-0

[Event "Early-Titled-Tuesday-Blitz-September-26-2023"]
[Site "Chess.com"]
[Date "2023.09.26"]
[Round "1"]
[White "Hongjin"]
[Black "GianmarcoVaR"]
[Result "1-0"]
[WhiteElo "2346"]
[BlackElo "2612"]
[TimeControl "180+1"]
[EndTime "8:07:10 PDT"]
[Termination "Hongjin won by checkmate"]

1. d4 g6 2. Nf3 Bg7 3. g3 d6 4.
Bg2 Nc6 5. O-O e5 6. e3 Nge7 7. b3 O-O 8. Bb2 Bg4 9. h3 Bd7 10. d5 Nb4 11. c4 e4 12. Nd4 f5 13. f3 exf3 14. Bxf3 c5 15. dxc6 bxc6 16. a3 Na6 17. Nc3 Rb8 18. Qc2 g5 19. Rad1 Be5 20. Nce2 Nc5 21. b4 Ne4 22. Bxe4 fxe4 23. g4 Ng6 24. Qxe4 c5 25. Qd5+ Kh8 26. Ne6 Bxe6 27. Bxe5+ Nxe5 28. Qxe6 Rxf1+ 29. Rxf1 Qe8 30. Qxd6 Ng6 31. Rf3 cxb4 32.
axb4 Rd8 33. Qf6+ Kg8 34. Nd4 Rd7 35. Nf5 Qf8 36. Qe6+ Rf7 37. Nh6+ Qxh6 38. Qxf7+ Kh8 39. Qe8+ Kg7 40. Rf7# 1-0

[Event "Early-Titled-Tuesday-Blitz-September-26-2023"]
[Site "Chess.com"]
[Date "2023.09.26"]
[Round "1"]
[White "bubeliang"]
[Black "stepanosinovsky"]
[Result "1-0"]
[WhiteElo "2628"]
[BlackElo "2326"]
[TimeControl "180+1"]
[EndTime "8:07:10 PDT"]
[Termination "bubeliang won on time"]

1. e4 e5 2. Nf3 Nc6 3. Bc4 Nf6 4. d3 Be7 5. O-O d5 6. exd5 Nxd5 7.
Re1 Bg4 8. h3 Bh5 9. Nbd2 O-O 10. c3 Kh8 11. Ne4 f5 12. Ng3 Bg6 13. Nxe5 Nxe5 14. Rxe5 Nb6 15. Qf3 f4 16. Ne4 Nd7 17.
Rd5 c6 18. Rxd7 Qxd7 19. Bxf4 Qf5 20. g3 Qxh3 21. Qg2 Qd7 22. Re1 b5 23. Bb3 Qxd3 24.
Ng5 Bxg5 25. Bxg5 Rae8 26. Rxe8 Rxe8 27. Qxc6 h6 28. Be3 Kh7 29. Bd5 Be4 30. Bxe4+ Rxe4 31. Qc5 1-0

[Event "Early-Titled-Tuesday-Blitz-September-26-2023"]
[Site "Chess.com"]
[Date "2023.09.26"]
[Round "1"]
[White "chesslh19"]
[Black "Let_it_be_1"]
[Result "0-1"]
[WhiteElo "2329"]
[BlackElo "2628"]
[TimeControl "180+1"]
[EndTime "8:07:11 PDT"]
[Termination "Let_it_be_1 won by resignation"]

1. e4 e6 2. d4 d5 3. Nd2 Nf6 4. e5 Nfd7 5. Bd3 c5 6. c3 Nc6 7. Ne2 f6 8. exf6 Nxf6 9. O-O Bd6 10. Nf3 Qc7 11. dxc5 Bxc5 12. Ned4 O-O 13. Bg5 e5 14. Nxc6 bxc6 15. Be2 Ne4 16. Bh4 Bf5 17. Bg3 Nxg3 18. hxg3 a5 19. Qa4 Rab8 20. b3 Bd7 21. Qh4 h6 22. Nh2 Qb6 23. Ng4 Bxg4 24. Bxg4 Bxf2+ 25. Kh1 Qe3 26. Be6+ Kh8 27. Bd7 Rf6 28. Qh3 Rbf8 29. g4 Qg5 30. Bf5 Bb6 31. Bd3 e4 32. Be2 Rf2 33.
g3 Qd2 34. Rxf2 Rxf2 0-1

[Event "Early-Titled-Tuesday-Blitz-September-26-2023"]
[Site "Chess.com"]
[Date "2023.09.26"]
[Round "1"]
[White "elegant285"]
[Black "skkeyan1309"]
[Result "0-1"]
[WhiteElo "2440"]
[BlackElo "2745"]
[TimeControl "180+1"]
[EndTime "8:07:12 PDT"]
[Termination "skkeyan1309 won by checkmate"]

1. d4 d5 2. Bf4 c5 3. e3 Nc6 4. Nf3 Nf6 5. Nbd2 Bg4 6. h3 Bxf3 7. Nxf3 e6 8. c3 Bd6 9. Bxd6 Qxd6 10. Bb5 O-O 11. O-O cxd4 12. exd4 Ne4 13. Re1 a6 14. Bd3 f5 15. Qe2 Rae8 16. Rad1 b5 17. a4 b4 18. Bxa6 bxc3 19. Bb5 Rb8 20. Rb1 Na7 21. Qd3 Nxb5 22. axb5 Rfc8 23. bxc3 Rxc3 24. Qd1 Ra3 25. Qc2 Qf4 26.
Rb3 Rxb3 27. Qxb3 g5 28. Qb2 g4 29. hxg4 fxg4 30. Ne5 Rxb5 31. Qxb5 Qxf2+ 32. Kh2 Qh4+ 33. Kg1 Qxe1+ 34. Kh2 g3+ 35. Kh3 Qh1+ 36. Kg4 h5+ 37. Kf4 Qh4+ 38. Ke3 Qg5+ 39. Ke2 Qd2+ 40. Kf3 Qf2# 0-1

[Event "Early-Titled-Tuesday-Blitz-September-26-2023"]
[Site "Chess.com"]
[Date "2023.09.26"]
[Round "1"]
[White "sorch29"]
[Black "jk13"]
[Result "0-1"]
[WhiteElo "2325"]
[BlackElo "2623"]
[TimeControl "180+1"]
[EndTime "8:07:12 PDT"]
[Termination "jk13 won by resignation"]

1. c4 e6 2. Nf3 Nf6 3. g3 d5 4. Bg2 dxc4 5. Qa4+ c6 6. Qxc4 b5 7. Qc2 Bb7 8. O-O Nbd7 9. b3 a6 10. Bb2 c5 11. d3 Be7 12. e4 O-O 13. Nc3 Rc8 14. Rad1 Qb6 15. Rfe1 Rfd8 16. h3 h6 17. Nb1 Nb8 18. Nbd2 Nc6 19. a3 Rd7 20. Ne5 Nxe5 21. Bxe5 Rcd8 22. Nb1 Ne8 23. Kh2 Bf6 24. Bxf6 Nxf6 25.
f4 Rd4 26. Nc3 c4 27. dxc4 bxc4 28. bxc4 Rxc4 29. Rxd8+ Qxd8 30. Qb2 Qc7 31. Re3 h5 32. Bf1 Rd4 33. Bg2 h4 34. e5 hxg3+ 35. Kxg3 Nh5+ 36.
Kg4 Rxf4+ 37. Kxh5 Qe7 38. Qf2 Rxf2 39. Rg3 0-1

[Event "Early-Titled-Tuesday-Blitz-September-26-2023"]
[Site "Chess.com"]
[Date "2023.09.26"]
[Round "1"]
[White "JoliyRoger"]
[Black "baki83"]
[Result "1-0"]
[WhiteElo "2505"]
[BlackElo "2822"]
[TimeControl "180+1"]
[EndTime "8:07:13 PDT"]
[Termination "JoliyRoger won by resignation"]

1. d4 d5 2. Nf3 Nf6 3. c4 c6 4.
Nc3 e6 5. cxd5 exd5 6. Bf4 Bd6 7. Bg3 O-O 8. Qc2 Na6 9. a3 Ne4 10. e3 Bf5 11. Bd3 Re8 12. Nh4 Bxg3 13. hxg3 Nxg3 14. Nxf5 Nxh1 15. O-O-O Nxf2 16. Qxf2 Qg5 17. Rh1 Re6 18. Rh3 Rg6 19. Rg3 Qf6 20. Rf3 Qe6 21. Ng3 Rh6 22. Nf5 Rh1+ 23. Kc2 Re8 24. g4 g6 25.
Qg2 Re1 26. Nh6+ Kg7 27. Rxf7+ Kh8 28. Nd1 Rxe3 29. Nxe3 Qxe3 30. Qf2 Qxf2+ 31. Rxf2 Kg7 32. g5 Nc7 33. Rf7+ Kh8 34. Rxc7 Rb8 35. Nf7+ Kg8 36.
Ne5 a5 37. b4 axb4 38. axb4 1-0

[Event "Early-Titled-Tuesday-Blitz-September-26-2023"]
[Site "Chess.com"]
[Date "2023.09.26"]
[Round "1"]
[White "BigAl"]
[Black "Dewarfd"]
[Result "1-0"]
[WhiteElo "2552"]
[BlackElo "2118"]
[TimeControl "180+1"]
[EndTime "8:07:14 PDT"]
[Termination "BigAl won by resignation"]

1. Nf3 d5 2. g3 c5 3. Bg2 Nc6 4. O-O e6 5. d3 Nf6 6. Nbd2 Be7 7. e4 h6 8. Re1 O-O 9. e5 Nd7 10. Nf1 b5 11. h4 a5 12. Bf4 a4 13.
N1h2 Bb7 14. a3 b4 15. Qd2 Qb6 16. Bxh6 gxh6 17. Qxh6 Rfc8 18. Ng4 Qd8 19. Ng5 Bxg5 20. hxg5 Qf8 21. Qh4 Qg7 22. Nf6+ Nxf6 23. exf6 Qh7 24. Qf4 Nd4 25. Rac1 bxa3 26. bxa3 Qg6 27. Re5 Rab8 28. c3 Nc6 29. Ree1 Ba6 30. c4 e5 31. Qg4 Nd4 32.
Bxd5 Bb7 33. Bxb7 Rd8 34. Be4 Qxg5 35. Qxg5+ Kf8 36. Qg7+ Ke8 37. Qg8+ Kd7 38. Qxf7+ Kc8 39. Rb1 Rxb1 40. Rxb1 Rd7 41. Qe8+ Kc7 42. Rb7+ 1-0

[Event "Early-Titled-Tuesday-Blitz-September-26-2023"]
[Site "Chess.com"]
[Date "2023.09.26"]
[Round "1"]
[White "WindWhistler11"]
[Black "quvnoq_muxlis"]
[Result "0-1"]
[WhiteElo "2476"]
[BlackElo "2821"]
[TimeControl "180+1"]
[EndTime "8:07:16 PDT"]
[Termination "quvnoq_muxlis won on time"]

1. Nf3 d5 2. c4 e6 3. b3 a5 4. Bb2 Nf6 5. g3 b6 6. Bg2 Bb7 7. O-O Be7 8. d3 O-O 9. Na3 d4 10. e3 dxe3 11. fxe3 c5 12. Nb5 a4 13. Qe2 Nc6 14.
Rad1 Qb8 15. d4 Rd8 16. Kh1 axb3 17. axb3 Nb4 18. Nc3 Ne4 19. Ne5 Nxc3 20. Bxc3 f6 21. Qg4 Bxg2+ 22. Kxg2 Qb7+ 23. d5 Rd6 24. Nf3 exd5 25.
Bxb4 cxb4 26. cxd5 Ra2+ 27. Kg1 Ra5 28. Nh4 Raxd5 29.
Nf5 Bf8 30. Nh6+ Kh8 31. Nf7+ Qxf7 32. Rxd5 Rxd5 0-1

[Event "Early-Titled-Tuesday-Blitz-September-26-2023"]
[Site "Chess.com"]
[Date "2023.09.26"]
[Round "1"]
[White "leejunhyeok"]
[Black "Austen48"]
[Result "1-0"]
[WhiteElo "2642"]
[BlackElo "2333"]
[TimeControl "180+1"]
[EndTime "8:07:16 PDT"]
[Termination "leejunhyeok won on time"]

1. e4 c5 2. Nc3 a6 3. d4 cxd4 4. Qxd4 e6 5. Bf4 Nc6 6. Qd3 Qb6 7. O-O-O Bb4 8. Be3 Qa5 9. Nge2 Nf6 10. a3 Be7 11. f4 O-O 12. e5 Ng4 13. Bg1 f5 14. h3 Nh6 15. Nd4 Nxd4 16. Bxd4 b5 17. Qe3 Qc7 18.
Bb6 Qc6 19. Be2 Rb8 20. Ba7 Rb7 21. Bf3 Qc7 22. Bxb7 Bxb7 23. Bb6 Qc8 24. Rhg1 Bc6 25. Bc5 Bxc5 26. Qxc5 Qb7 27. g3 a5 28. b4 axb4 29.
Qxb4 Ra8 30. Rd4 Nf7 31. Kb2 Qa7 32. Rgd1 Qb7 33. a4 h6 34. axb5 Bf3 35. Rxd7 Qb6 36.
R1d4 Rb8 37. Qe7 Rf8 38. R4d6 Qc5 39. Rxe6 Qxe7 40. Rexe7 g5 41. e6 1-0

[Event "Early-Titled-Tuesday-Blitz-September-26-2023"]
[Site "Chess.com"]
[Date "2023.09.26"]
[Round "1"]
[White "Lady_Nika"]
[Black "Zohid6"]
[Result "0-1"]
[WhiteElo "2462"]
[BlackElo "2773"]
[TimeControl "180+1"]
[EndTime "8:07:18 PDT"]
[Termination "Zohid6 won by resignation"]

1. e4 e6 2. d4 d5 3. exd5 exd5 4. Nf3 Nc6 5. c3 Bf5 6. Bd3 Qd7 7. O-O O-O-O 8. b4 Bd6 9. a4 Nf6 10. a5 Kb8 11. b5 Ne7 12. Ba3 Rhe8 13. Bxd6 cxd6 14.
Na3 Ng6 15. c4 Nf4 16. Bxf5 Qxf5 17. Kh1 Ne4 18. Nh4 Qf6 19. Nf3 Qe6 20. cxd5 Qxd5 21. a6 b6 22. Rc1 Rc8 23. Qa4 Nxg2 24. Rxc8+ Rxc8 25. Kxg2 Ng5 26. Qd1 Rc3 27. Re1 Nxf3 28. Re8+ Kc7 29. Kf1 Nxh2+ 30. Ke1 Qh1+ 31. Ke2 Qf3+ 32.
Ke1 Qxd1+ 33. Kxd1 Rxa3 34. Re7+ Kd8 35. Rxa7 Nf3 36.
Rxf7 Ra1+ 37. Kc2 Nxd4+ 38. Kb2 Ra5 39. a7 Kc8 40. Rxg7 Nxb5 41. Rxh7 Nxa7 42. Rh6 Kc7 43. Rh7+ Kc6 44. Kb3 Nb5 45. Rf7 Ra1 46. f4 Rf1 47. f5 Rxf5 48. Rh7 Rf4 0-1

[Event "Early-Titled-Tuesday-Blitz-September-26-2023"]
[Site "Chess.com"]
[Date "2023.09.26"]
[Round "1"]
[White "epiclord678"]
[Black "CSB7"]
[Result "0-1"]
[WhiteElo "2407"]
[BlackElo "2704"]
[TimeControl "180+1"]
[EndTime "8:07:18 PDT"]
[Termination "CSB7 won on time"]

1. e4 c5 2. Nf3 e6 3. d4 cxd4 4. Nxd4 Nc6 5. Nc3 Qc7 6. Be2 Nf6 7. O-O Be7 8. Be3 O-O 9. a4 d6 10. f4 Nxd4 11. Bxd4 e5 12. Be3 exf4 13. Rxf4 a6 14. Qd2 Be6 15. Raf1 Rfd8 16. a5 d5 17. Bb6 Bc5+ 18.
Kh1 Bxb6 19. axb6 Qe5 20. exd5 Nxd5 21. Nxd5 Bxd5 22. Bd3 Qxb2 23. Rh4 g6 24. Qh6 Qg7 25. Qg5 Rd6 26. Qe3 Re6 27. Qc5 Rd8 28. Rhf4 Qf8 29.
Qf2 Red6 30. h4 Qh6 31. Qg3 Be6 32. Qg5 Qxg5 33. hxg5 Rxb6 34. Rh4 Rd5 0-1